Map: Turbo Cruise '84 LE

Players

ghidra

  • Race: Protoss Protoss
  • League: Master
  • Spawn Location: 7:00

Mez - Winner!

  • Race: Terran Terran
  • League: Master
  • Spawn Location: 3:00

VOD

Have the link to the VOD?

Description

Time

  • Played on: Aug. 16, 2019, 6:02 p.m.
  • Length: 12:26
Show
View Real Time Build Order
Export as new Build Order

ghidra Protoss 

Build Orders: 1 Gate Expand, Double Forge, Blink Stalkers 

Get SALT Encoding   

  12  0:01  Probe  
  13  0:13  Probe  
  14  0:19  Pylon  
  14  0:25  Probe  
  15  0:34  Probe  
  15  0:39  Gateway  
  16  0:43  Probe  
  17  0:51  Probe, Assimilator  
  18  1:03  Probe  
  19  1:15  Probe  
  20  1:26  Nexus  
  20  1:39  Cybernetics Core  
  21  1:40  Probe  
  21  1:47  Pylon  
  21  1:50  Probe  
  22  1:56  Assimilator  
  22  1:58  Probe  
  22  2:05  Stalker  
  22  2:06  Probe  
  26  2:17  Warp Gate  
  26  2:18  Probe  
  27  2:30  Probe  
  27  2:35  Stalker  
  30  2:42  Probe, Twilight Council  
  30  2:43  Probe  
  32  2:54  Probe  
  32  2:55  Probe  
  34  3:04  Probe  
  34  3:05  Stalker  
  36  3:06  Probe  
  36  3:10  Blink  
  36  3:12  Probe  
  38  3:14  Probe  
  40  3:21  Probe  
  40  3:26  Probe, Pylon  
  42  3:33  Probe  
  43  3:38  Probe  
  43  3:41  Robotics Facility  
  44  3:45  Gateway  
  44  3:47  Gateway  
  44  3:55  Assimilator  
  44  3:56  Probe x2  
  44  4:00  Pylon  
  46  4:07  Stalker  
  48  4:24  Gateway x2  
  48  4:25  Observer  
  48  4:28  Gateway x2  
  48  4:34  Forge  
  48  4:36  Forge  
  49  4:47  Nexus  
  49  4:51  Sentry x2  
  53  4:54  Pylon  
  53  4:55  Protoss Ground Armor Level 1  
  53  5:00  Stalker  
  53  5:03  Pylon  
  53  5:05  Protoss Ground Weapons Level 1  
  55  5:08  Observer  
  56  5:20  Stalker x2  
  60  5:28  Probe x2  
  62  5:36  Immortal  
  62  5:40  Probe x2  
  68  5:52  Probe x2  
  70  5:57  Pylon  
  70  6:00  Pylon  
  69  6:04  Probe x2  
  69  6:09  Stalker x2  
  69  6:10  Stalker, Observer  
  77  6:14  Zealot x4  
  77  6:16  Probe  
  77  6:17  Probe  
  88  6:18  Probe  
  89  6:28  Probe  
  89  6:29  Probe  
  89  6:30  Probe  
  92  6:37  Pylon  
  92  6:38  Pylon  
  92  6:40  Probe, Charge  
  92  6:41  Probe  
  92  6:46  Zealot x6  
  106  6:55  Immortal  
  106  6:57  Zealot  
  112  7:07  Protoss Ground Armor Level 2  
  112  7:09  Pylon  
  112  7:23  Zealot x5  
  112  7:24  Zealot  
  112  7:28  Pylon  
  124  7:30  Pylon  
  124  7:32  Pylon  
  124  7:33  Pylon  
  124  7:43  Protoss Ground Weapons Level 2  
  124  7:49  Zealot x2  
  124  7:50  Zealot x5  
  138  7:52  Immortal  
  142  8:17  Zealot x4  
  142  8:18  Zealot x3  
  138  8:41  Warp Prism  
  136  8:47  Zealot x3  
  136  8:48  Zealot  
  101  9:26  Zealot x7  
  107  9:41  Nexus  
  107  10:00  Probe x2  
  107  10:06  Templar Archives  
  109  10:10  Protoss Shields Level 1  
  109  10:12  Probe x2  
  109  10:14  Observer  
  111  10:24  Probe x2  
  113  10:36  Probe  
  113  10:37  Probe  
  113  10:41  Psionic Storm  
  115  10:53  High Templar  
  115  10:54  High Templar  
  115  10:55  Nexus  
  115  10:56  High Templar x2  
  123  11:00  Immortal  
  123  11:07  Pylon  
  127  11:15  Pylon  
  127  11:22  Zealot x3  
  130  11:44  Probe x3  
  133  11:47  High Templar  
  133  11:48  High Templar, Zealot x5  
  147  12:11  Zealot x5  
Show
View Real Time Build Order
Export as new Build Order

Mez Terran - Winner!

Build Orders: Reaper Expand 

Get SALT Encoding   

  12  0:00  SCV  
  13  0:13  SCV  
  14  0:17  Supply Depot  
  14  0:25  SCV  
  15  0:39  SCV  
  15  0:40  Barracks  
  16  0:44  Refinery  
  16  0:51  SCV  
  17  1:03  SCV  
  18  1:15  SCV  
  19  1:28  Reaper  
  19  1:29  Orbital Command  
  20  1:44  Command Center  
  20  1:50  Bunker  
  20  1:55  SCV  
  20  2:01  Barracks Reactor  
  21  2:07  SCV  
  22  2:08  Supply Depot  
  22  2:23  SCV  
  23  2:35  SCV  
  23  2:37  Command Center  
  24  2:45  Factory  
  24  2:49  Marine x2  
  26  2:55  SCV  
  27  3:02  Orbital Command  
  27  3:09  SCV, Marine  
  27  3:10  Marine  
  27  3:11  Refinery  
  30  3:21  SCV  
  31  3:27  Marine  
  31  3:28  Marine  
  31  3:30  Widow Mine  
  31  3:33  SCV x2  
  37  3:35  Starport  
  37  3:45  SCV x2  
  39  3:52  Orbital Command  
  39  3:53  Widow Mine  
  41  3:57  SCV x2  
  41  3:59  Marine  
  41  4:00  Marine  
  45  4:03  Refinery  
  45  4:09  SCV  
  47  4:10  SCV  
  47  4:15  Starport Tech Lab, Factory Tech Lab  
  47  4:17  Marine x2  
  47  4:21  SCV  
  47  4:22  SCV x2  
  52  4:34  SCV x3  
  52  4:35  Marine x2  
  52  4:36  Raven  
  52  4:38  Barracks  
  59  4:46  SCV x2  
  59  4:49  Barracks  
  59  4:52  Refinery  
  61  4:55  Factory Reactor  
  61  4:59  Supply Depot x2  
  61  5:08  SCV x3, Marine x2  
  65  5:18  Engineering Bay x2  
  65  5:20  SCV x3  
  68  5:23  Supply Depot  
  68  5:25  Supply Depot  
  68  5:28  Starport Reactor  
  68  5:32  SCV x3  
  71  5:37  Stimpack  
  71  5:38  Marine x2, Marauder x2  
  77  5:44  SCV x2, Factory Reactor  
  77  5:47  Barracks  
  77  5:49  Orbital Command  
  79  5:50  Barracks  
  79  5:59  Marine x2  
  79  6:02  Terran Infantry Armor Level 1, Terran Infantry Weapons Level 1  
  81  6:07  SCV x2  
  81  6:11  Marauder x2  
  87  6:17  SCV  
  88  6:19  SCV x2, Marine x2  
  88  6:22  Medivac  
  88  6:24  Medivac  
  96  6:26  Supply Depot x2  
  96  6:27  Combat Shield  
  96  6:29  SCV  
  96  6:31  SCV  
  96  6:32  Marauder  
  100  6:38  SCV  
  101  6:41  Refinery  
  101  6:42  Supply Depot, Barracks Tech Lab  
  101  6:43  Supply Depot  
  101  6:47  Widow Mine x2, SCV, Marine x4  
  101  6:48  Marauder  
  101  6:49  SCV  
  101  6:50  SCV  
  101  6:53  Marine  
  115  6:56  Medivac  
  117  7:04  SCV x2, Medivac, Supply Depot  
  117  7:05  Supply Depot  
  121  7:10  Refinery  
  121  7:14  Marine x2, Marauder  
  121  7:15  Marine x2, Marauder x2  
  131  7:16  Armory  
  131  7:25  Widow Mine  
  131  7:26  Widow Mine, Medivac  
  137  7:32  Marine x2  
  137  7:36  Marauder x2  
  143  7:43  Marine  
  143  7:44  Marine, Marauder  
  147  7:49  Starport  
  147  7:50  Marine  
  148  7:51  Supply Depot  
  148  7:53  Supply Depot  
  148  7:55  Marine  
  149  8:01  Barracks  
  149  8:03  Barracks, Medivac x2  
  149  8:04  Barracks, Marauder x2  
  157  8:09  Marine x3, Marauder  
  162  8:17  Liberator  
  162  8:18  Liberator  
  159  8:23  Marine  
  159  8:25  Marauder x2  
  159  8:26  Marine  
  159  8:27  Marine  
  157  8:30  Marauder  
  157  8:33  Marine  
  146  8:34  Widow Mine x2  
  146  8:47  Marauder x2  
  149  8:50  Marine x2  
  149  8:52  Marauder  
  149  8:53  Bunker  
  149  8:55  Bunker  
  152  8:56  Widow Mine x2  
  149  9:07  Marine  
  149  9:08  Marauder  
  136  9:10  Marine x3  
  136  9:11  Marauder  
  136  9:13  Marine  
  142  9:17  Widow Mine x2  
  142  9:23  Liberator x2  
  134  9:25  Marine  
  134  9:28  Marine x2  
  134  9:29  Marauder  
  141  9:31  Barracks Reactor, Marauder  
  141  9:32  Marauder, Barracks Tech Lab  
  141  9:33  Barracks Tech Lab  
  141  9:37  Missile Turret  
  147  9:38  Widow Mine x2  
  147  9:39  Missile Turret  
  147  9:40  Missile Turret, Starport Tech Lab  
  147  9:44  Terran Infantry Weapons Level 2  
  153  9:51  Terran Infantry Armor Level 2  
  153  9:58  Ghost Academy, Liberator  
  155  10:14  Widow Mine x2  
  155  10:19  Marine x5  
  165  10:23  Fusion Core  
  165  10:29  Supply Depot x2  
  165  10:30  Supply Depot  
  165  10:33  Marine x2  
  165  10:34  Marauder x3  
  165  10:35  Liberator x2  
  173  10:46  Command Center  
  173  10:47  Liberator  
  173  10:50  Marine x3  
  173  10:51  Ghost x2  
  173  10:54  Ghost x2  
  193  11:13  Supply Depot  
  193  11:14  Marine x2, Supply Depot  
  193  11:15  Marine x2  
  193  11:18  Liberator  
  193  12:07  Command Center  
  193  12:12  Command Center  
  193  12:14  Command Center  
Tags
 
Add a new tag
Caveats
  • Supply blocks, unpowered buildings, or Contaminate may cause inaccurate times.
  • Supply counts are checked every 10 seconds.